 Dungeon Crawl Stone Soup version 0.18-a0-731-ga019a5f (webtiles) character file.

233 JokEr the Skirmisher (level 6, -5/40 HPs)
             Began as a Gargoyle Fighter on Dec 9, 2015.
             Slain by a gnoll
             ... wielding a +0 halberd
              (11 damage)
             ... on level 4 of the Dungeon.
             The game lasted 00:06:03 (3519 turns).

JokEr the Skirmisher (Gargoyle Fighter)             Turns: 3519, Time: 00:06:04

Health: -5/40      AC: 13    Str: 21    XL:     6   Next: 4%
Magic:  6/6        EV:  7    Int:  9    God:
Gold:   142        SH:  9    Dex: 11    Spells: 0 memorised, 5 levels left

rFire  + . .     SeeInvis .     a - +0 flail
rCold  x . .     Clarity  .     b - +0 scale mail
rNeg   + . .     SustAt   .     c - +0 shield
rPois  ∞         Gourm    .     (no helmet)
rElec  +         Spirit   .     (no cloak)
rCorr  .         Dismiss  .     o - +0 pair of gloves
rMut   .         Stasis   .     s - +0 pair of boots
MR     .....                    (no amulet)
Stlth  ..........               n - +2 ring of dexterity
                                h - ring of fire

@: not resistant to hostile enchantments, extremely unstealthy
A: negative energy resistance 1, electricity resistance, unbreathing,
petrification resistance, rot immunity, AC +4
a: no special abilities


You were on level 4 of the Dungeon.
You were not hungry.

You visited 1 branch of the dungeon, and saw 4 of its levels.

You collected 142 gold pieces.

Inventory:

Hand Weapons
 a - a +0 flail (weapon)
Armour
 b - a +0 scale mail (worn)
 c - a +0 shield (worn)
 o - a +0 pair of gloves (worn)
 s - a +0 pair of boots (worn)
Jewellery
 h - a ring of fire (left hand)
 n - a +2 ring of dexterity (right hand)
Wands
 t - a wand of lightning (3)
Scrolls
 d - a scroll of magic mapping {unknown}
 i - 2 scrolls of remove curse
 j - a scroll of teleportation
Potions
 f - 4 potions of cancellation {unknown}
 g - a potion of lignification {unknown}
 k - a potion of brilliance {unknown}
 l - 2 potions of resistance {unknown}
 m - 3 potions of curing {unknown}
 q - a potion of haste {unknown}
Comestibles
 r - 3 bread rations


   Skills:
 + Level 5.5 Fighting
 + Level 4.5 Maces & Flails
 - Level 3.2 Armour
 - Level 3.2 Shields


You had 5 spell levels left.
You didn't know any spells.

Dungeon Overview and Level Annotations

Branches:
Dungeon (4/15)             Temple (0/1) D:4

Altars:
Makhleb
Nemelex Xobeh
Qazlal
Ru
Vehumet
Yredelemnul
Zin


Innate Abilities, Weirdness & Mutations

You are resistant to torment.
Your stone body is resilient (AC +4).
You are immune to poison.
You resist negative energy.
You are resistant to electric shocks.
You can survive without breathing.
You are immune to petrification.
You are immune to rotting.


Message History

You hit the gnoll but do no damage.
The gnoll is lightly wounded.
The gnoll barely misses you. You block the gnoll's attack.
You hit the gnoll.
The gnoll is heavily wounded.
The gnoll hits you with a halberd! The gnoll hits you but does no damage.
You hit the gnoll but do no damage.
The gnoll is heavily wounded.
The gnoll hits you but does no damage. The gnoll hits you with a halberd!
* * * LOW HITPOINT WARNING * * *
You are too injured to fight recklessly!
You are too injured to fight recklessly!
You are too injured to fight recklessly!
You closely miss the gnoll.
The gnoll is heavily wounded.
You block the gnoll's attack. The gnoll hits you but does no damage.
You hit the gnoll.
The gnoll is severely wounded.
The gnoll hits you with a halberd!
You die...

#.#.# #.........##.#.#.# #.##.#
..#.# #.........##.#.#.###.##.#
###.# #.........##.#..........#
<...# #.........##.#######.####
.#### #.........##.#........#
.######.........##.#.#####..#####
......#.........##.#.##..........
<.....#........g##.#.##.#########
......#........g@....##.......#
...P.......#.#####.##########.#
....P...>..#.# #............#
'#.P>P.....#.# ############.#
.#P.PPP....#.# #.# .#.........#.#
### ###.#......#.# ##..##.....#.#
....['.....'.#


You could see 2 gnolls.

Vanquished Creatures
  The ghost of Ijustatesigmund the Covert, an amateur SpCj (D:3)
  2 gnolls (D:4)
  6 adders
  An ooze (D:2)
  3 adder skeletons (D:4)
  5 worms
  3 giant geckos
  6 orcs (D:3)
  2 ball pythons (D:2)
  7 bats
  8 goblins
  8 hobgoblins
  2 jackals (D:3)
  3 giant cockroaches
  2 giant newts
  7 kobolds
  A quokka skeleton (D:4)
  7 rats
74 creatures vanquished.

Notes
Turn   | Place    | Note
--------------------------------------------------------------
     0 | D:1      | JokEr the Gargoyle Fighter began the quest for the Orb.
     0 | D:1      | Reached XP level 1. HP: 14/14 MP: 1/1
   302 | D:1      | Reached XP level 2. HP: 19/19 MP: 2/2
  1049 | D:2      | Reached XP level 3. HP: 22/24 MP: 3/3
  1169 | D:2      | Reached skill level 4 in Fighting
  1520 | D:2      | Reached XP level 4. HP: 27/29 MP: 4/4
  1605 | D:2      | Found a stormy altar of Qazlal.
  1605 | D:2      | Found a basalt altar of Yredelemnul.
  1672 | D:2      | Found a radiant altar of Vehumet.
  1672 | D:2      | Found a burning altar of Makhleb.
  2230 | D:2      | Found a sacrificial altar of Ru.
  2405 | D:3      | Noticed Ijustatesigmund's ghost (amateur SpCj)
  2423 | D:3      | Killed Ijustatesigmund's ghost
  2423 | D:3      | Reached skill level 5 in Fighting
  2423 | D:3      | Reached XP level 5. HP: 15/35 MP: 5/5
  3145 | D:4      | Found a glowing silver altar of Zin.
  3196 | D:4      | Found a staircase to the Ecumenical Temple.
  3468 | D:4      | Found a sparkling altar of Nemelex Xobeh.
  3493 | D:4      | Reached XP level 6. HP: 28/40 MP: 6/6
  3519 | D:4      | Slain by a gnoll

Vault maps used:
D:1:      dpeg_arrival_three_bigger_balls
D:2:      forest_paths, gammafunk_temple_overflow_pools,
          nicolae_ru_awakened_eye, gammafunk_temple_overflow_wave
D:3:      wad_pebble_path, first_bread, nrook_mini_vaults
D:4:      lemuel_round_altar, nicolae_overflow_hidden_temple,
          minmay_temple_entry_overgrown, serial_shops, shop,
          gup_sewer_entry_glass

Action                   |  1- 3 |  4- 6 || total
-------------------------+-------+-------++-------
Melee: Flail             |   110 |   181 ||   291
  Use: Scroll            |       |     7 ||     7
       Potion            |       |     3 ||     3
  Eat: Bread ration      |     1 |       ||     1
       Meat ration       |       |     1 ||     1
